 Dungeon Crawl Stone Soup version 0.31-a0-232-gb1c03b2570 (webtiles) character file.

Game seed: 100538175864568324

2128 IdlyInterested the Fighter (level 9, -2/75 HPs)
             Began as a Demonspawn Gladiator on July 7, 2023.
             Slain by a killer bee (4 damage)
             ... on level 7 of the Dungeon.
             The game lasted 00:19:02 (5830 turns).

IdlyInterested the Fighter (Demonspawn Gladiator)   Turns: 5830, Time: 00:19:03

Health: -2/75      AC: 23    Str: 17    XL:     9   Next: 8%
Magic:  9/9        EV: 11    Int: 17    God:
Gold:   1119       SH:  0    Dex: 17    Spells: 8/8 levels left

rFire   + . .        C - +2 whip (drain)
rCold   . . .        (no shield)
rNeg    + . .        l - +6 scale mail of the Big Bang {Will- Int+8 SInv Stlth+}
rPois   .            (helmet restricted)
rElec   .            m - +0 cloak
rCorr   .            (no gloves)
SInv    +            (no boots)
Will    .....        (no amulet)
Stlth   +            b - ring of positive energy
HPRegen 0.32/turn    r - ring of protection from fire
MPRegen 0.11/turn

%: no passive effects
@: lethally poisoned (-2 -> -6), sanguine armoured, hasted, very quick
A: antennae 2, ignite blood 2, sanguine armour 2
a: no special abilities


You were on level 7 of the Dungeon.
You visited 2 branches of the dungeon, and saw 8 of its levels.

You collected 1227 gold pieces.
You spent 108 gold pieces at shops.

Inventory:

Hand Weapons
 a - a +0 flail
 f - a +2 vampiric dagger
 C - a +2 whip of draining (weapon)
Missiles
 d - 3 throwing nets
 e - a javelin
 g - 29 stones (quivered)
Armour
 k - a +0 plate armour
 l - the +6 scale mail of the Big Bang (worn) {Will- Int+8 SInv Stlth+}
   (You found it on level 6 of the Dungeon)

   Int:       It affects your intelligence (+8).
   SInv:      It lets you see invisible.
   Will:      It decreases your willpower.
   Stlth:     It makes you more stealthy.
 m - a +0 cloak (worn)
Jewellery
 b - a ring of positive energy (left hand)
 n - a ring of see invisible
 r - a ring of protection from fire (right hand)
 x - a ring of positive energy
 y - a +6 ring of intelligence
Wands
 j - a wand of polymorph (10)
Scrolls
 c - 2 scrolls of teleportation
 i - 3 scrolls of enchant weapon
 o - 2 scrolls of fear
 p - a scroll of poison
 u - a scroll of vulnerability
 v - 2 scrolls of enchant armour
 w - a scroll of silence
 z - a scroll of immolation
Potions
 h - 2 potions of resistance
 q - 2 potions of enlightenment


   Skills:
 * Level 8.3 Fighting
 + Level 6.0 Maces & Flails
 - Level 2.0 Throwing
 - Level 4.0 Armour
 - Level 3.0 Dodging
 - Level 1.0 Stealth
 - Level 3.0 Shields
 - Level 2.0 Evocations


You had 8 spell levels left.
You didn't know any spells.
Your spell library contained the following spells:

 Spells                   Type           Power      Damage    Failure   Level
 Apportation              Tloc           0%         N/A       58%         1
 Foxfire                  Conj/Fire      0%         2x1d4     58%         1
 Ozocubu's Armour         Ice            0%         N/A       92%         3
 Alistair's Intoxication  Tmut/Pois      0%         N/A       100%        5
 Fireball                 Conj/Fire      0%         3d3       100%        5
 Metabolic Englaciation   Hex/Ice        0%         N/A       100%        5
 Plasma Beam              Fire/Air       0%         2x1d10    100%        6
 Simulacrum               Ice/Necr       0%         N/A       100%        6
 Starburst                Conj/Fire      0%         6d3       100%        6


Dungeon Overview and Level Annotations

Branches:
Dungeon (7/15)             Temple (1/1) D:5

Altars:
Ashenzari
Cheibriados
Dithmenos
Fedhas
Gozag
Hepliaklqana
Kikubaaqudgha
Okawaru
Qazlal
Ru
Sif Muna
Uskayaw
Vehumet
Wu Jian
Xom
Yredelemnul

Shops:
D:4 !


Innate Abilities, Weirdness & Mutations

You have a pair of antennae on your head.
Your demonic aura often causes spilled blood to erupt in flames.
When seriously injured, your blood forms thick armour. (AC +9)


Message History

The killer bee stings you but does no damage.
The killer bee stings you!
* * * LOW HITPOINT WARNING * * *
You are poisoned.
The killer bee poisons you! The killer bee completely misses you.
You completely miss the killer bee.
The killer bee is almost dead.
* * * LOW HITPOINT WARNING * * *
You feel sick. The killer bee closely misses you. The killer bee stings you.
* * * LOW HITPOINT WARNING * * *
The killer bee closely misses you.
Unknown command.
You whack the killer bee!
You kill the killer bee!
* * * LOW HITPOINT WARNING * * *
You feel sick. The killer bee closely misses you. The killer bee misses you.
Training target 3.0 for Shields reached!
Your Shields skill increases to level 3!
Unknown command.
You hit the killer bee. You drain the killer bee.
The killer bee is moderately wounded.
* * * LOW HITPOINT WARNING * * *
You feel sick. The killer bee closely misses you.
The killer bee barely misses you.
The killer bee stings you but does no damage.
The killer bee barely misses you. The killer bee closely misses you.
The killer bee barely misses you.
You hit the killer bee.
The killer bee is moderately wounded.
* * * LOW HITPOINT WARNING * * *
You feel sick.
The killer bee stings you but does no damage.
The killer bee stings you.
* * * LOW HITPOINT WARNING * * *
The killer bee closely misses you.
You whack the killer bee!
The killer bee is severely wounded.
* * * LOW HITPOINT WARNING * * *
You feel sick. The killer bee stings you.
You die...

.. #..$. #....#
#... .### +...
...# #...##..# {
.$.#..#
#####y#..#
#...y@y..#
#........#
#.[..>...#
+)[<)....#
#.[......# ##+##
+........# ......
#........##......
+................
#.......#........


You could see 3 killer bees.

Vanquished Creatures
  Grinder (D:3)
  A water moccasin (D:7)
  A black bear (D:6)
  A sky beast (D:6)
  4 ogres
  6 scorpions
  Blork the orc (D:4)
  3 jellies
  3 killer bees (D:7)
  3 hounds (D:5)
  An iguana (D:4)
  A sleepcap (D:4)
  3 orc wizards
  Natasha (thrice) (D:4)
  6 adders
  13 gnolls (D:4)
  A shadow imp (D:6)
  A white imp (D:6)
  4 dart slugs
  5 orcs
  7 endoplasms
  7 giant cockroaches
  38 hobgoblins
  A quokka (D:4)
  3 bats (D:1)
  4 frilled lizards
  30 goblins
  A kobold (D:4)
  5 rats
158 creatures vanquished.

Vanquished Creatures (others)
  A goblin (D:4)
1 creature vanquished.

Grand Total: 159 creatures vanquished

Notes
Turn   | Place    | Note
-------+----------+-------------------------------------------
     0 | D:1      | IdlyInterested the Demonspawn Gladiator began the quest for
                  | the Orb.
     0 | D:1      | Reached XP level 1. HP: 16/16 MP: 1/1
   108 | D:1      | Gained mutation: You have a pair of small antennae on your
                  | head. [demonic ancestry]
   108 | D:1      | Reached XP level 2. HP: 23/23 MP: 2/2
   119 | D:1      | Reached skill level 1 in Stealth
   143 | D:1      | Found a faded altar of an unknown god.
   146 | D:1      | Noticed an eye of devastation
   150 | D:1      | Noticed a shining eye
   150 | D:1      | Noticed a golden eye
   150 | D:1      | Noticed a floating eye
   825 | D:2      | Gained mutation: Your demonic aura sometimes causes spilled
                  | blood to erupt in flames. [demonic ancestry]
   825 | D:2      | Reached XP level 3. HP: 28/28 MP: 3/3
   923 | D:2      | Reached skill level 1 in Shields
   931 | D:2      | Noticed an ogre
   941 | D:2      | Killed an ogre
   942 | D:2      | Reached skill level 3 in Fighting
   942 | D:2      | Reached skill level 1 in Evocations
   942 | D:2      | Gained mutation: When seriously injured, your blood forms
                  | armour. (AC +9) [demonic ancestry]
   942 | D:2      | Reached XP level 4. HP: 34/37 MP: 4/4
   993 | D:2      | Gained mutation: When seriously injured, your blood forms
                  | thick armour. (AC +9) [demonic ancestry]
   993 | D:2      | Reached XP level 5. HP: 42/42 MP: 5/5
  1239 | D:3      | Reached skill level 4 in Fighting
  1508 | D:3      | Noticed Grinder
  1509 | D:3      | Paralysed by Grinder for 2 turns
  1530 | D:3      | Paralysed by Grinder for 2 turns
  1534 | D:3      | Paralysed by Grinder for 5 turns
  1545 | D:3      | Killed Grinder
  1546 | D:3      | Reached skill level 5 in Fighting
  1546 | D:3      | Reached XP level 6. HP: 33/51 MP: 6/6
  1852 | D:4      | Noticed Blork the orc
  2172 | D:4      | Killed Blork the orc
  2173 | D:4      | Reached skill level 1 in Armour
  2173 | D:4      | Gained mutation: Your demonic aura often causes spilled
                  | blood to erupt in flames. [demonic ancestry]
  2173 | D:4      | Reached XP level 7. HP: 28/56 MP: 7/7
  2537 | D:4      | Found Hakot's Distillery.
  2630 | D:4      | Noticed Natasha
  2638 | D:4      | Killed Natasha
  2988 | D:4      | Reached skill level 6 in Fighting
  3675 | D:4      | Bought a potion of degeneration for 12 gold pieces
  3686 | D:4      | Bought a potion of heal wounds for 60 gold pieces
  3686 | D:4      | Bought a potion of curing for 36 gold pieces
  3715 | D:4      | Noticed Natasha
  3725 | D:4      | Killed Natasha
  3952 | D:4      | Noticed Natasha
  3968 | D:4      | Killed Natasha
  4012 | D:5      | Entered Level 5 of the Dungeon
  4072 | D:5      | Reached skill level 5 in Maces & Flails
  4134 | D:5      | Gained mutation: You have a pair of antennae on your head.
                  | [demonic ancestry]
  4134 | D:5      | Reached XP level 8. HP: 43/65 MP: 8/8
  4505 | D:5      | Found a staircase to the Ecumenical Temple.
  4521 | D:5      | Reached skill level 7 in Fighting
  4523 | Temple   | Entered the Ecumenical Temple
  4523 | Temple   | Found a transporter.
  4523 | Temple   | Found a transporter.
  4525 | Temple   | Found a transporter.
  4525 | Temple   | Found a transporter.
  5378 | D:6      | Identified the +6 scale mail of the Big Bang {Will- Int+8
                  | SInv Stlth+}
  5576 | D:7      | Reached skill level 8 in Fighting
  5746 | D:7      | Reached XP level 9. HP: 56/74 MP: 9/9
  5775 | D:7      | Identified a scroll of acquirement
  5775 | D:7      | Acquired 848 gold pieces
  5829 | D:7      | HP: 3/75 [killer bee (1)]
  5830 | D:7      | Slain by a killer bee

Illustrated notes

Levels and vault maps discovered:
D:1:      dpeg_arrival_renting, layout_rooms,
          hellmonk_ecumenical_altar_watching_god
D:2:      layout_rooms, minmay_door_square
D:3:      layout_rooms, uniq_grinder
D:4:      minmay_goblin_kobold_castle, layout_gridville, serial_shops,
          nicolae_shop_industrial_runoff, uniq_natasha, uniq_blork_the_orc
D:5:      layout_cave_pools, minmay_temple_entry_tees
D:6:      minmay_inner_zag, layout_basic
D:7:      layout_basic, grunt_temple_overflow_diamond
Temple:   hellmonk_temple_divided_pantheon

Skill      XL: |  1  2  3  4  5  6  7  8  9 |
---------------+----------------------------+-----
Stealth        | 1 |  1.0
Shields        | 1 2 3 |  3.0
Maces & Flails | 3 4 5 6 |  6.0
Fighting       | 3 5 6 8 |  8.3
Evocations     | 1 2 |  2.0
Throwing       | 2 |  2.0
Dodging        | 3 |  3.0
Armour         | 1 3 4 |  4.0

Action                     |  1- 3 |  4- 6 |  7- 9 || total
---------------------------+-------+-------+-------++-------
  Melee: Flail             |    39 |    19 |       ||    58
         Whip              |    44 |   115 |   404 ||   563
         Punch             |       |     3 |     7 ||    10
  Throw: Stone             |     6 |     3 |     1 ||    10
    Use: Scroll            |     4 |     3 |     6 ||    13
         Potion            |     2 |       |     6 ||     8
   Stab: Sleeping          |     1 |       |     1 ||     2
 Armour: Leather armour    |     7 |       |       ||     7
         Ring mail         |     5 |       |       ||     5
         Scale mail        |     5 |    22 |    63 ||    90
         Plate armour      |       |    72 |   261 ||   333
  Dodge: Dodged            |    57 |    45 |   185 ||   287

Table legend: (Time is in decaauts)
 A = Elapsed time spent in this place.
 B = Non-inter-level travel time spent in this place.
 C = Inter-level travel time spent in this place.
 D = Time resting spent in this place.
 E = Time spent auto-exploring this place.
 F = Levels seen in this place.
 G = Mean time per level.
                   A        B        C        D        E       F      G
               +--------+--------+--------+--------+--------+-----+--------+
         Total |   5774 |   4928 |    846 |    741 |   2526 |   8 |  721.8 |
       Dungeon |   5737 |   4891 |    846 |    741 |   2526 |   7 |  819.6 |
        Temple |     36 |     36 |      0 |      0 |      0 |   1 |   36.0 |
               +--------+--------+--------+--------+--------+-----+--------+

Top non-repeatable levels by time:
     D:4: 2103 daAuts
     D:6: 927 daAuts
     D:1: 806 daAuts
     D:5: 686 daAuts
     D:3: 631 daAuts
     D:2: 487 daAuts
     D:7: 95 daAuts
  Temple: 36 daAuts
